 Dungeon Crawl Stone Soup version 0.29-a0-8-g0446c0dae4 (webtiles) character file.

Game seed: 16282688629833075700

38123 HallandMoats the Grappler (level 14, -3/130 HPs)
             Began as a Ghoul Monk on Jan 27, 2022.
             Was a High Priest of Okawaru.
             Slain by a fire elemental (14 damage)
             ... summoned by a deep elf pyromancer
             ... on level 13 of the Dungeon.
             The game lasted 00:24:31 (19117 turns).

HallandMoats the Grappler (Ghoul Monk)             Turns: 19117, Time: 00:24:31

Health: -3/130     AC: 36    Str: 16    XL:     14   Next: 0%
Magic:  19/20      EV:  6    Int:  5    God:    Okawaru [*****.]
Gold:   794        SH:  7    Dex: 15    Spells: 13/13 levels left

rFire   . . .      SeeInvis .     - Unarmed
rCold   + + .      Faith    +   v - +0 buckler
rNeg    + + +      Spirit   .   M - +9 crystal plate armour of Indomitability {+Inv rC+}
rPois   ∞          Reflect  .   o - +4 helmet of Chill Winds {rElec}
rElec   +          Harm     .   p - scarf {repulsion}
rCorr   .          Rampage  .   (no gloves)
Will    ++...                   (no boots)
Stlth   ..........              n - amulet of faith
HPRegen 0.00/turn               c - ring of willpower
MPRegen 0.17/turn               A - ring of flight

@: on fire, heroic, marked, flying, inhibited regen, glowing, repel missiles
A: claws 1, cold resistance 1, negative energy resistance 3, inhibited
regeneration, torment resistance 2
a: Renounce Religion, Evoke Invisibility, Heroism, Finesse, Duel


You were on level 13 of the Dungeon.
You worshipped Okawaru.
Okawaru was extremely pleased with you.
You visited 2 branches of the dungeon, and saw 14 of its levels.
You also visited: Gauntlet.

You collected 794 gold pieces.

Inventory:

Armour
 l - a scarf of invisibility
 o - the +4 helmet of Chill Winds (worn) {rElec}
   (You took it off Robin on level 4 of the Dungeon)

   rElec:     It insulates you from electricity.
 p - a scarf of repulsion (worn)
 r - the +7 chain mail of the Armadillo {rF+++ Will- Str+3 Stlth-}
   (You found it on level 4 of the Dungeon)

   Str:       It affects your strength (+3).
   rF:        It renders you almost immune to fire.
   Will:      It decreases your willpower.
   Stlth:     It makes you less stealthy.
 v - a +0 buckler (worn)
 H - a +2 cloak of preservation
 I - the +2 cloak "Ennaq" {+Inv rC+}
   (You found it in a Gauntlet)

   rC:        It protects you from cold.
   +Inv:      It lets you turn invisible.
 M - the +9 crystal plate armour of Indomitability (worn) {+Inv rC+}
   (Okawaru gifted it to you on level 13 of the Dungeon)

   rC:        It protects you from cold.
   +Inv:      It lets you turn invisible.
Jewellery
 b - the amulet of Varphazia {Faith Rampage rF++ Dex+3 Stlth+}
   (You took it off a minotaur in a Gauntlet)

   [amulet of faith]

   It allows you to gain divine favour quickly.
   Dex:       It affects your dexterity (+3).
   rF:        It greatly protects you from fire.
   Rampage:   It bestows one free step when moving towards enemies.
   Stlth:     It makes you more stealthy.
 c - a ring of willpower (left claw)
 f - a ring of fire
 n - an amulet of faith (around neck)
 A - a ring of flight (right claw)
 D - a ring of protection from fire
 E - a ring of wizardry
 F - an amulet of guardian spirit
Wands
 m - a wand of digging (1)
 y - a wand of paralysis (5)
 B - a wand of acid (14)
 K - a wand of flame (14)
Scrolls
 d - 3 scrolls of amnesia
 e - 2 scrolls of fear
 g - 2 scrolls of identify
 h - 5 scrolls of teleportation
 k - 2 scrolls of enchant weapon
 q - a scroll of torment
 s - 2 scrolls of immolation
 w - 2 scrolls of fog
 x - a scroll of brand weapon
 J - a scroll of magic mapping
Potions
 a - 3 potions of mutation
 i - a potion of brilliance
 j - a potion of ambrosia
 u - a potion of degeneration {unknown}
 z - 2 potions of heal wounds
 C - a potion of resistance
 G - a potion of magic {unknown}
 L - a potion of curing
Miscellaneous
 t - a condenser vane


   Skills:
 * Level 13.7(18.7) Fighting
 + Level 7.9(12.9) Armour
 + Level 8.5(13.5) Dodging
 - Level 2.1(7.1) Stealth
 - Level 6.3(11.3) Shields
 * Level 13.7(18.7) Unarmed Combat
 + Level 9.5 Invocations


You had 13 spell levels left.
You didn't know any spells.
Your spell library contained the following spells:

 Spells                   Type           Power      Damage    Failure   Level
 Foxfire                  Conj/Fire      0%         2x1d4     100%        1
 Corpse Rot               Necr/Air       0%         N/A       100%        2
 Conjure Flame            Conj/Fire      0%         6-21      100%        3
 Dazzling Flash           Conj/Hex       0%         N/A       100%        3
 Gell's Gravitas          Tloc           0%         N/A       100%        3
 Ignite Poison            Fire/Tmut/Pois 0%         N/A       100%        3
 Inner Flame              Hex/Fire       0%         N/A       100%        3
 Mephitic Cloud           Conj/Pois/Air  0%         N/A       100%        3
 Ozocubu's Armour         Ice            0%         N/A       100%        3
 Teleport Other           Tloc           0%         N/A       100%        3
 Airstrike                Air            0%         N/A       100%        4
 Dispel Undead            Necr           0%         3d6       100%        4
 Flame Wave               Conj/Fire      0%         2d4       100%        4
 Petrify                  Tmut/Erth      0%         N/A       100%        4
 Agony                    Necr           0%         N/A       100%        5
 Freezing Cloud           Conj/Ice/Air   0%         6-21      100%        5
 Lightning Bolt           Conj/Air       0%         1d11      100%        5
 Metabolic Englaciation   Hex/Ice        0%         N/A       100%        5
 Silence                  Hex/Air        0%         N/A       100%        5
 Dispersal                Tloc           0%         N/A       100%        6
 Iron Shot                Conj/Erth      0%         9d1       100%        6
 Animate Armour           Summ/Erth      Unusable   N/A       N/A         4
 Summon Lightning Spire   Summ/Air       Unusable   N/A       N/A         4
 Blade Hands              Tmut           Unusable   N/A       N/A         5
 Death Channel            Necr           Unusable   N/A       N/A         6
 Simulacrum               Ice/Necr       Unusable   N/A       N/A         6
 Statue Form              Tmut/Erth      Unusable   N/A       N/A         6

Dungeon Overview and Level Annotations

Branches:
Dungeon (13/15)            Temple (1/1) D:6            Lair (0/6) D:9
    Orc (0/2) D:9          Vaults (0/5) D:13        Gauntlet (visited)

Altars:
Ashenzari
Cheibriados
Dithmenos
Elyvilon
Fedhas
Gozag
Hepliaklqana
Kikubaaqudgha
Makhleb
Nemelex Xobeh
Okawaru
Qazlal
Ru
Sif Muna
Trog
Uskayaw
Vehumet
Wu Jian
Xom
Yredelemnul
Zin
The Shining One

Shops:
D:3 =   D:5 [   D:8 !   D:9 [


Innate Abilities, Weirdness & Mutations

You thrive by killing the living.
You are immune to poison.
You have sharp fingernails.
Your flesh is cold resistant. (rC+)
You are immune to negative energy. (rN+++)
You do not regenerate when monsters are visible.
You are immune to unholy pain and torment.


Message History

You block the fire elemental's attack.
You closely miss the deep elf pyromancer.
The deep elf pyromancer is heavily wounded.
The fire elemental hits you.
You claw the deep elf pyromancer!
The deep elf pyromancer is severely wounded.
The fire elemental hits you. The fire elemental burns you!
The fire elemental closely misses you.
The deep elf pyromancer barely misses you.
The deep elf pyromancer hits you but does no damage.
You barely miss the deep elf pyromancer.
The deep elf pyromancer is severely wounded.
The fire elemental barely misses you. The fire elemental hits you.
The fire elemental burns you!
The deep elf pyromancer gestures at you while chanting.
The sticky flame hits you but does no damage.
You are covered in liquid flames!
The deep elf pyromancer hits you but does no damage.
The deep elf pyromancer casts a spell.
The deep elf pyromancer blinks!
You miss the deep elf pyromancer.
The deep elf pyromancer is severely wounded.
You are covered in liquid flames!
* * * LOW HITPOINT WARNING * * *
The fire elemental hits you. The fire elemental burns you!
* * * LOW HITPOINT WARNING * * *
You block the fire elemental's attack. The fire elemental hits you.
The fire elemental burns you!
* * * LOW HITPOINT WARNING * * *
The deep elf pyromancer hits you but does no damage.
The deep elf pyromancer hits you with a +0 rapier.
* * * LOW HITPOINT WARNING * * *
You scratch the deep elf pyromancer but do no damage.
The deep elf pyromancer is severely wounded.
You are covered in liquid flames!
* * * LOW HITPOINT WARNING * * *
The fire elemental hits you. x2; The fire elemental burns you!
* * * LOW HITPOINT WARNING * * *
The fire elemental hits you. The fire elemental burns you!
You die...

*,,,,,,,,,*,,,,,,,,*,#.....pp
*,,,,.....*,,,,,,,,*,#.....pc
*,,,,.....+,,,*#####.........
*,,,,.....#####..............
*,,,,..................(.....
*,,,,..........e.............
*,,,,.......§......#*#######.
*,,,,......eEE.....#,......#.
***,,,,......e@......##......#.
*,,,,,,.....°E........#......#.
*,,,,,,....°..........#....###.
*,,,,**####'####'#....#....#.†.
*,,,,*,,,...,,...#....#....#...
****,*,,...,.....#....'....#...
*,*,....(.....#....#....#...
*,*,..........#....#....#...
*,*,,,,.......#....#....#...


You could see 3 deep elf pyromancers and 3 fire elementals.

Vanquished Creatures
  A minotaur (Gauntlet)
  A fire dragon (D:13)
  3 boulder beetles
  2 hydras (D:12)
  A tengu warrior (D:9)
  2 centaur warriors
  5 death yaks (Gauntlet)
  7 two-headed ogres
  Nergalle (D:12)
  Urug (D:13)
  A wizard (Gauntlet)
  Pikel (D:8)
  A necromancer (Gauntlet)
  An orc knight (D:11)
  A deep elf pyromancer (D:13)
  A manticore (D:11)
  A shining eye (shapeshifter) (D:9)
  3 cyclopes
  3 ugly things
  Joseph (D:8)
  2 unseen horrors
  A freezing wraith (D:9)
  A tengu conjurer (D:10)
  7 trolls
  3 meliai (D:12)
  Grinder (D:4)
  4 slime creatures
  A centaur simulacrum (Gauntlet)
  A vampire (D:12)
  3 shadows
  2 basilisks (D:9)
  2 wraiths
  3 wyverns (D:9)
  22 yaks
  13 humans (D:13)
  4 steam dragons
  Edmund (D:5)
  Menkaure (D:5)
  2 water moccasins
  4 acid dragons
  17 orc warriors
  2 hornet zombies
  Duvessa (D:5)
  An ice beast (D:6)
  A sky beast (D:4)
  11 centaurs
  4 ogres
  A lemure (D:8)
  4 phantoms
  2 kobold brigands (D:9)
  4 bullfrogs
  2 gnoll sergeants (D:9)
  A scorpion (D:3)
  A water moccasin zombie (D:5)
  Dowan (D:5)
  A wyvern skeleton (D:7)
  6 killer bees
  6 howler monkeys
  4 centaur zombies
  3 bullfrog zombies
  2 jellies
  Crazy Yiuf (D:4)
  5 orc priests
  2 bullfrog skeletons
  2 hounds
  2 centaur skeletons (D:6)
  Jessica (D:2)
  A gnoll shaman (D:9)
  4 iguanas
  14 orc wizards
  A hound zombie (D:5)
  2 howler monkey zombies
  Robin (D:4)
  4 gnolls (D:3)
  4 adders
  A howler monkey skeleton (D:7)
  2 white imps
  A howler monkey simulacrum (D:9)
  A worm (D:2)
  4 dart slugs
  28 orcs
  5 ball pythons
  7 endoplasms
  4 giant cockroaches
  9 hobgoblins
  4 jackals (D:2)
  11 kobolds
  2 quokkas
  7 bats
  13 goblins
  7 rats
341 creatures vanquished.

Vanquished Creatures (others)
  4 plants (D:9)
4 creatures vanquished.

Grand Total: 345 creatures vanquished

Notes
Turn   | Place    | Note
-------+----------+-------------------------------------------
     0 | D:1      | HallandMoats the Ghoul Monk began the quest for the Orb.
     0 | D:1      | Reached XP level 1. HP: 19/19 MP: 0/0
   305 | D:1      | Reached XP level 2. HP: 26/26 MP: 1/1
   789 | D:1      | Reached XP level 3. HP: 31/31 MP: 2/2
  1604 | D:2      | Noticed Jessica
  1609 | D:2      | Killed Jessica
  1610 | D:2      | Reached skill level 1 in Invocations
  1610 | D:2      | Reached XP level 4. HP: 40/40 MP: 3/3
  2059 | D:3      | Found Nawedd's Jewellery Shop.
  2183 | D:3      | Found a bloodstained altar of Trog.
  2284 | D:3      | Reached skill level 1 in Armour
  2284 | D:3      | Reached XP level 5. HP: 29/46 MP: 3/5
  2465 | D:3      | Found a faded altar of an unknown god.
  3045 | D:4      | Identified the +4 helmet of Chill Winds {rElec}
  3045 | D:4      | Noticed Robin
  3184 | D:3      | Reached XP level 6. HP: 28/53 MP: 6/6
  3449 | D:4      | Killed Robin
  3450 | D:4      | Reached skill level 5 in Unarmed Combat
  3586 | D:4      | Noticed a sky beast
  3596 | D:4      | Killed a sky beast
  3597 | D:4      | Reached skill level 5 in Fighting
  3709 | D:4      | Identified the +7 chain mail of the Armadillo {rF+++ Will-
                  | Str+3 Stlth-}
  3733 | D:4      | Found a shimmering blue altar of Sif Muna.
  3860 | D:4      | Found a runed translucent door.
  3861 | D:4      | Noticed Crazy Yiuf
  3944 | D:4      | Noticed Grinder
  3959 | D:4      | Paralysed by Grinder for 6 turns
  3971 | D:4      | Killed Grinder
  3972 | D:4      | Reached XP level 7. HP: 45/61 MP: 6/8
  4196 | D:4      | Killed Crazy Yiuf
  4354 | D:5      | Entered Level 5 of the Dungeon
  4362 | D:5      | Noticed Duvessa
  4362 | D:5      | Noticed Dowan
  4373 | D:5      | Killed Duvessa
  4385 | D:5      | Killed Dowan
  4465 | D:5      | Reached XP level 8. HP: 70/70 MP: 9/9
  4874 | D:5      | Found Moptoikuo's Antique Armour Shoppe.
  5062 | D:5      | Noticed Menkaure
  5072 | D:5      | Killed Menkaure
  5355 | D:5      | Noticed Edmund
  5373 | D:5      | Killed Edmund
  5818 | D:6      | Found a basalt altar of Yredelemnul.
  5818 | D:6      | Found a staircase to the Ecumenical Temple.
  5837 | Temple   | Entered the Ecumenical Temple
  6121 | Temple   | Became a worshipper of Warmaster Okawaru
  6121 | Temple   | Reached * piety under Okawaru
  6121 | Temple   | Reached ** piety under Okawaru
  6216 | D:6      | Reached XP level 9. HP: 73/79 MP: 11/11
  6303 | D:6      | Found a hide-covered altar of Uskayaw.
  6702 | D:6      | Reached *** piety under Okawaru
  6703 | D:6      | Reached skill level 5 in Dodging
  7088 | D:7      | Reached skill level 5 in Invocations
  7825 | D:8      | Found Neristorr's Distillery.
  7856 | D:8      | Noticed Pikel
  7871 | D:8      | Killed Pikel
  7871 | D:8      | Reached **** piety under Okawaru
  7872 | D:8      | Reached XP level 10. HP: 85/90 MP: 11/13
  7885 | D:8      | Noticed Joseph
  7913 | D:8      | Paralysed by Joseph for 2 turns
  7923 | D:8      | Killed Joseph
  7923 | D:8      | Reached ***** piety under Okawaru
  7923 | D:8      | Received a gift from Okawaru
  8140 | D:8      | Found an opulent altar of Gozag.
  8432 | D:8      | Found a radiant altar of Vehumet.
  8432 | D:8      | Found a snail-covered altar of Cheibriados.
  8432 | D:8      | Found a shimmering altar of Xom.
  8432 | D:8      | Found a blossoming altar of Fedhas.
  8438 | D:8      | Found a broken altar of Ashenzari.
  8438 | D:8      | Found a hazy altar of Hepliaklqana.
  8491 | D:9      | Found a staircase to the Lair.
  8491 | D:9      | Found Pocagoenu's Antique Armour Shop.
  8523 | D:9      | Reached skill level 5 in Armour
  8737 | D:9      | Killed an unseen horror
  8836 | D:9      | Received a gift from Okawaru
  9440 | D:8      | Reached skill level 10 in Unarmed Combat
  9553 | D:9      | Reached skill level 10 in Fighting
  9667 | D:9      | Reached XP level 11. HP: 63/99 MP: 14/14
  9711 | D:9      | Reached skill level 1 in Shields
  9891 | D:9      | Noticed a cyclops
  9902 | D:9      | Killed a cyclops
 10250 | D:9      | Received a gift from Okawaru
 10266 | D:9      | Identified the +8 hand crossbow of Causality {elec, MP+9
                  | Str+8 Int-5 SInv}
 10266 | D:9      | Noticed a tengu warrior
 10286 | D:9      | Killed a tengu warrior
 10447 | D:9      | HP: 5/101 [orc priest/divine providence (10)]
 10711 | D:9      | Noticed a purple ugly thing
 10726 | D:9      | Killed a purple ugly thing
 10941 | D:9      | Noticed a shining eye
 10953 | D:9      | Killed a shining eye
 10994 | D:9      | Noticed a centaur warrior
 11002 | D:9      | Killed a centaur warrior
 11002 | D:9      | Reached ****** piety under Okawaru
 11290 | D:9      | Received a gift from Okawaru
 11316 | D:9      | Found a staircase to the Orcish Mines.
 11352 | D:9      | Found a sacrificial altar of Ru.
 11437 | D:9      | Identified the +1 ring mail "Orefreko" {Rampage rElec
                  | Slay-6 Stlth+}
 11528 | D:9      | Found a stormy altar of Qazlal.
 11903 | D:9      | Found a burning altar of Makhleb.
 12010 | D:10     | Entered Level 10 of the Dungeon
 12323 | D:10     | Noticed a two-headed ogre
 12332 | D:10     | Killed a two-headed ogre
 12333 | D:10     | Reached XP level 12. HP: 70/110 MP: 16/16
 12538 | D:10     | Noticed a two-headed ogre
 12548 | D:10     | Killed a two-headed ogre
 12766 | D:10     | Noticed a two-headed ogre
 12773 | D:10     | Killed a two-headed ogre
 13563 | D:10     | Received a gift from Okawaru
 13568 | D:10     | Reached skill level 5 in Shields
 13629 | D:10     | Noticed a two-headed ogre
 13677 | D:10     | Killed a two-headed ogre
 14531 | D:11     | Noticed a boulder beetle
 14553 | D:11     | Killed a boulder beetle
 14633 | D:11     | Received a gift from Okawaru
 14734 | D:11     | Noticed a boulder beetle
 14752 | D:11     | Killed a boulder beetle
 15246 | D:12     | Noticed Nergalle
 15255 | D:12     | Killed Nergalle
 15303 | D:12     | Noticed a five-headed hydra
 15317 | D:12     | Killed a five-headed hydra
 15371 | D:12     | Reached XP level 13. HP: 30/119 MP: 18/18
 16354 | D:12     | Received a gift from Okawaru
 16858 | D:13     | Noticed Urug
 16858 | D:13     | Noticed a fire dragon
 16858 | D:13     | Found a gate to the Vaults.
 16982 | D:13     | Found a gate leading to a gauntlet.
 16990 | Gauntlet | Entered a Gauntlet
 16990 | Gauntlet | Found a transporter.
 16990 | Gauntlet | Found a transporter.
 17011 | Gauntlet | Found a transporter.
 17013 | Gauntlet | Found a transporter.
 17021 | Gauntlet | Found a transporter.
 17024 | Gauntlet | Found a transporter.
 17032 | Gauntlet | Found a transporter.
 17052 | Gauntlet | Found a transporter.
 17072 | Gauntlet | Found a transporter.
 17073 | Gauntlet | Found a transporter.
 17076 | Gauntlet | Noticed a balrug
 17084 | Gauntlet | Found a transporter.
 17086 | Gauntlet | Found a transporter.
 17327 | Gauntlet | Identified the +2 cloak "Ennaq" {+Inv rC+}
 17865 | Gauntlet | Identified the amulet of Varphazia {Faith Rampage rF++
                  | Dex+3 Stlth+}
 17865 | Gauntlet | Noticed a minotaur
 17877 | Gauntlet | Killed a minotaur
 17953 | D:13     | Identified the +9 crystal plate armour of Indomitability
                  | {+Inv rC+} (Okawaru gifted it to you on level 13 of the
                  | Dungeon)
 17953 | D:13     | Received a gift from Okawaru
 17967 | D:13     | Killed Urug
 17996 | D:13     | Killed a fire dragon
 19105 | D:13     | Reached XP level 14. HP: 100/130 MP: 20/20
 19117 | D:13     | Slain by a fire elemental

Illustrated notes

Levels and vault maps discovered:
D:1:      wander_arrival_lonely_grave, layout_basic, st_stairs_9
D:2:      layout_basic, minmay_ruptured, uniq_jessica
D:3:      layout_basic, bloody_trog, shapermc_ecumenical_altar_pompeii,
          serial_shops, nicolae_shop_advertising_works
          [nicolae_subvault_shop_adworks], mrwooster_statue_mirror,
          minmay_surrounded
D:4:      layout_cave_pools, lemuel_tele_altar, kennysheep_big_empty_room,
          uniq_crazy_yiuf_cottage, uniq_grinder, uniq_robin
D:5:      layout_basic, serial_shops, shop, uniq_edmund, uniq_duvessa,
          uniq_menkaure
D:6:      layout_basic, grunt_temple_overflow_open,
          minmay_temple_entry_offerings, hangedman_decor_points
D:7:      layout_gridville, serial_glass, glass_columns_a, glass_columns_b,
          glass_columns_a, glass_columns_c, glass_columns_a, glass_columns_b,
          glass_columns_b, glass_columns_b, item_on_display_a, hex_medium,
          minmay_splitting_lines
D:8:      layout_cave_pools, minmay_overflow_temple_hex, lemuel_crystal_altar,
          serial_shops, shop, grunt_ministairs_7, uniq_pikel, uniq_joseph
D:9:      minmay_the_grid_octo_tiled_octocenter
          [minmay_the_grid_octo_fat_diamond, minmay_the_grid_octo_thin_diamonds,
          minmay_the_grid_octo_shrine, minmay_the_grid_octo_checkered,
          minmay_the_grid_octo_prize_single_spiral,
          minmay_the_grid_square_5x5_two, minmay_the_grid_square_5x5_shuriken,
          minmay_the_grid_square_5x5_hollow_slash,
          minmay_the_grid_square_5x5_broken_cross], layout_rooms,
          nicolae_qazlal_eye_of_the_storm, old_standard_altar,
          david_lair_generic, orc_0_dummy, serial_shops,
          nicolae_shop_overgrown_old_shop, minmay_between
D:10:     minmay_flawed_box, layout_cave_pods, minmay_quadrilaterals
D:11:     layout_long_grid, kennysheep_generic_room_14
D:12:     layout_loops_ring, uniq_nergalle
D:13:     layout_irregular_city, david_vaults_3, gauntlet_entry_generic,
          minmay_tree_intersection, st_stairs_6
Temple:   compressed_dpeg_triangle_lava_temple

Skill      XL: |  1  2  3  4  5  6  7  8  9 10 11 12 13 |
---------------+----------------------------------------+-----
Unarmed Combat | 4 5 6 7 8 10 11 12 13 | 13.7
Dodging        | 3 4 5 6 7 8 |  8.5
Invocations    | 1 2 3 4 5 6 7 8 9 |  9.5
Fighting       | 4 5 6 7 8 10 11 12 13 | 13.7
Armour         | 1 2 3 4 5 6 7 |  7.9
Shields        | 4 6 |  6.3
Stealth        | |  2.1

Action                   |  1- 3 |  4- 6 |  7- 9 | 10-12 | 13-15 || total
-------------------------+-------+-------+-------+-------+-------++-------
Melee: Unarmed           |   108 |   213 |   320 |   767 |   355 ||  1763
       Punch             |       |     5 |    18 |    79 |     1 ||   103
Invok: Heroism           |       |       |       |     9 |     8 ||    17
       Finesse           |       |       |       |       |     3 ||     3
  Use: Scroll            |       |       |     9 |     1 |    11 ||    21
       Potion            |       |       |       |     2 |     1 ||     3
 Stab: Distracted        |       |       |       |     1 |       ||     1
       Invisible         |       |       |       |       |     2 ||     2
Armor: Robe              |     4 |       |       |       |       ||     4
       Scale mail        |    60 |    17 |       |       |       ||    77
       Chain mail        |       |   137 |   214 |   582 |    96 ||  1029
       Crystal plate arm |       |       |       |       |   163 ||   163
Dodge: Dodged            |    71 |    81 |   150 |   416 |    99 ||   817
       Repelled          |       |       |     3 |     4 |     4 ||    11
Block: Buckler           |       |       |       |       |    74 ||    74

Table legend: (Time is in decaauts)
 A = Elapsed time spent in this place.
 B = Non-inter-level travel time spent in this place.
 C = Inter-level travel time spent in this place.
 D = Time resting spent in this place.
 E = Time spent auto-exploring this place.
 F = Levels seen in this place.
 G = Mean time per level.
                   A        B        C        D        E       F      G
               +--------+--------+--------+--------+--------+-----+--------+
         Total |  18785 |  18480 |    305 |   3849 |  11356 |  15 | 1252.3 |
       Dungeon |  17606 |  17315 |    291 |   3315 |  10959 |  13 | 1354.3 |
        Temple |    328 |    314 |     14 |      0 |    265 |   1 |  328.0 |
      Gauntlet |    850 |    850 |      0 |    534 |    132 |   1 |  850.0 |
               +--------+--------+--------+--------+--------+-----+--------+

Top non-repeatable levels by time:
     D:9: 2811 daAuts
    D:10: 2189 daAuts
    D:12: 1588 daAuts
     D:5: 1449 daAuts
     D:8: 1436 daAuts
     D:3: 1359 daAuts
    D:13: 1304 daAuts
     D:1: 1194 daAuts
    D:11: 980 daAuts
     D:4: 923 daAuts
     D:2: 852 daAuts
Gauntlet: 850 daAuts
     D:6: 768 daAuts
     D:7: 747 daAuts
  Temple: 328 daAuts
